Map: Ulrena

Players

llllllllllll - Winner!

  • Race: Protoss Protoss
  • League: Diamond

frozenee

  • Race: Terran Terran
  • League: Gold

VOD

Have the link to the VOD?

Description

Time

  • Played on: Feb. 6, 2016, 12:01 p.m.
  • Length: 17:49
Show
View Real Time Build Order
Export as new Build Order

llllllllllll Protoss - Winner!

Build Orders: 1 Gate Expand 

Get SALT Encoding   

  12  0:00  Probe (Chrono Boost)  
  13  0:11  Probe (Chrono Boost)  
  14  0:18  Pylon  
  14  0:22  Probe (Chrono Boost)  
  15  0:36  Probe (Chrono Boost)  
  15  0:38  Gateway  
  16  0:47  Probe (Chrono Boost)  
  17  0:52  Assimilator  
  17  0:57  Probe (Chrono Boost)  
  18  1:08  Probe (Chrono Boost)  
  20  1:18  Probe (Chrono Boost)  
  20  1:29  Nexus  
  20  1:42  Cybernetics Core  
  20  1:46  Probe (Chrono Boost)  
  21  1:50  Assimilator  
  21  1:57  Probe (Chrono Boost)  
  21  1:59  Pylon  
  21  2:09  Probe (Chrono Boost)  
  22  2:18  Gateway  
  22  2:20  Warp Gate  
  22  2:25  Adept (Chrono Boost)  
  24  2:40  Robotics Facility  
  24  2:49  Adept (Chrono Boost)  
  26  2:53  Probe  
  26  2:55  Mothership Core  
  29  3:05  Probe  
  30  3:14  Probe  
  30  3:17  Probe  
  30  3:18  Pylon  
  34  3:20  Adept (Chrono Boost)  
  34  3:26  Adept (Chrono Boost)  
  36  3:40  Immortal (Chrono Boost)  
  40  3:43  Adept (Chrono Boost)  
  42  3:51  Adept (Chrono Boost)  
  44  4:15  Observer (Chrono Boost)  
  45  4:29  Adept x2, Probe (Chrono Boost)  
  45  4:30  Probe (Chrono Boost)  
  51  4:33  Pylon  
  51  4:36  Pylon  
  42  4:39  Probe (Chrono Boost)  
  42  4:43  Probe (Chrono Boost)  
  44  4:46  Observer  
  44  4:50  Probe (Chrono Boost)  
  46  4:55  Probe (Chrono Boost)  
  47  5:00  Probe (Chrono Boost)  
  49  5:07  Probe (Chrono Boost), Pylon  
  49  5:11  Probe (Chrono Boost)  
  50  5:14  Assimilator  
  50  5:17  Assimilator  
  50  5:19  Probe (Chrono Boost)  
  51  5:21  Probe (Chrono Boost)  
  52  5:31  Probe (Chrono Boost)  
  52  5:32  Probe (Chrono Boost)  
  48  5:42  Probe (Chrono Boost)  
  48  5:43  Probe (Chrono Boost)  
  48  5:49  Stalker x2  
  50  5:53  Probe (Chrono Boost)  
  50  5:55  Probe (Chrono Boost)  
  52  6:04  Probe (Chrono Boost)  
  53  6:07  Probe (Chrono Boost)  
  54  6:14  Probe (Chrono Boost)  
  54  6:18  Probe (Chrono Boost)  
  54  6:25  Probe (Chrono Boost)  
  47  6:28  Stargate  
  47  6:29  Probe (Chrono Boost), Stargate  
  42  6:35  Probe (Chrono Boost)  
  42  6:39  Probe (Chrono Boost)  
  44  6:41  Stalker  
  44  6:42  Stalker  
  44  6:46  Probe (Chrono Boost)  
  49  6:50  Probe (Chrono Boost)  
  49  6:53  Forge  
  50  6:56  Probe (Chrono Boost)  
  50  7:00  Probe (Chrono Boost)  
  52  7:06  Stargate  
  52  7:07  Probe (Chrono Boost)  
  53  7:10  Stalker  
  53  7:11  Stalker, Probe (Chrono Boost)  
  58  7:17  Probe (Chrono Boost)  
  58  7:21  Probe (Chrono Boost)  
  60  7:23  Void Ray (Chrono Boost)  
  60  7:28  Probe (Chrono Boost)  
  65  7:32  Probe (Chrono Boost)  
  65  7:33  Void Ray (Chrono Boost), Photon Cannon  
  70  7:38  Probe (Chrono Boost)  
  70  7:42  Probe (Chrono Boost)  
  72  7:50  Probe (Chrono Boost)  
  73  7:54  Probe  
  74  8:01  Probe, Fleet Beacon  
  74  8:04  Pylon  
  75  8:07  Pylon  
  75  8:12  Stalker  
  77  8:15  Pylon  
  77  8:19  Pylon  
  75  8:23  Probe  
  76  8:27  Probe  
  76  8:32  Nexus  
  77  8:35  Probe  
  77  8:36  Assimilator  
  77  8:40  Probe  
  79  8:42  Photon Cannon  
  73  8:53  Carrier (Chrono Boost)  
  79  9:07  Carrier (Chrono Boost)  
  85  9:10  Probe  
  85  9:11  Probe  
  87  9:17  Pylon  
  87  9:20  Graviton Catapult  
  87  9:21  Pylon  
  87  9:22  Protoss Air Weapons Level 1 (Chrono Boost)  
  87  9:27  Probe  
  87  9:28  Cybernetics Core  
  88  9:42  Stalker  
  88  9:43  Stalker  
  92  9:51  Probe  
  92  9:53  Probe  
  92  9:57  Photon Cannon  
  94  10:01  Photon Cannon  
  94  10:04  Probe  
  94  10:05  Probe  
  96  10:08  Assimilator, Carrier (Chrono Boost)  
  102  10:14  Protoss Air Armor Level 1 (Chrono Boost)  
  102  10:31  Carrier (Chrono Boost)  
  108  10:51  Stargate  
  108  10:52  Pylon  
  108  10:54  Pylon  
  108  10:56  Stargate  
  108  11:21  Photon Cannon  
  108  11:24  Photon Cannon  
  108  11:25  Carrier  
  114  11:30  Protoss Air Weapons Level 2 (Chrono Boost)  
  114  11:31  Protoss Shields Level 1, Photon Cannon x2  
  114  11:34  Pylon  
  114  11:42  Carrier  
  118  11:56  Void Ray  
  122  12:03  Nexus  
  122  12:04  Pylon  
  122  12:07  Pylon  
  122  12:08  Pylon  
  122  12:10  Void Ray  
  122  12:13  Pylon  
  126  12:18  Protoss Air Armor Level 2 (Chrono Boost)  
  126  12:24  Photon Cannon  
  126  12:28  Photon Cannon  
  126  12:31  Photon Cannon  
  126  12:33  Photon Cannon  
  126  12:45  Void Ray  
  130  13:00  Void Ray x2  
  138  13:12  Void Ray  
  142  13:27  Probe  
  142  13:28  Probe  
  142  13:30  Probe, Twilight Council  
  145  13:39  Photon Cannon  
  145  13:43  Photon Cannon  
  145  13:47  Assimilator  
  145  13:50  Assimilator  
  145  13:59  Protoss Air Weapons Level 3 (Chrono Boost)  
  145  14:00  Pylon  
  145  14:11  Carrier  
  151  14:21  Carrier  
  149  14:45  Protoss Air Armor Level 3 (Chrono Boost)  
  149  14:49  Void Ray  
  149  14:50  Void Ray  
  157  14:55  Templar Archives  
  163  15:31  Photon Cannon  
  163  15:35  Photon Cannon  
  163  15:37  Pylon  
  163  15:38  Carrier  
  169  15:50  Psionic Storm  
  169  15:59  Warp Prism  
  171  16:21  Nexus  
  170  16:36  Observer  
  171  16:43  High Templar x2  
Show
View Real Time Build Order
Export as new Build Order

frozenee Terran 

Build Orders:  

Get SALT Encoding   

  12  0:01  SCV  
  13  0:13  SCV  
  14  0:18  Supply Depot  
  14  0:25  SCV  
  15  0:39  SCV  
  15  0:40  Barracks  
  16  0:45  Refinery  
  16  0:52  SCV  
  17  1:04  SCV  
  18  1:16  SCV  
  19  1:27  Marine  
  20  1:33  Orbital Command  
  20  1:44  Command Center  
  20  1:56  Factory  
  20  2:03  Supply Depot  
  20  2:09  SCV  
  20  2:13  Marine  
  22  2:21  SCV  
  22  2:22  Refinery  
  23  2:33  Marine  
  24  2:37  SCV  
  24  2:42  Starport  
  25  2:46  Factory Reactor  
  25  2:49  SCV  
  26  2:54  Engineering Bay  
  26  2:55  Marine  
  27  3:00  SCV  
  27  3:01  SCV  
  29  3:16  Orbital Command  
  29  3:19  Medivac, Supply Depot  
  31  3:30  Missile Turret  
  31  3:32  Widow Mine  
  33  3:37  Widow Mine  
  35  3:42  SCV  
  35  3:44  SCV  
  35  3:46  Marine  
  38  3:54  SCV  
  39  3:56  SCV  
  39  4:02  Widow Mine  
  42  4:15  SCV x2  
  44  4:21  Marine  
  44  4:23  Medivac  
  47  4:27  SCV  
  48  4:37  Orbital Command  
  44  4:39  Marine  
  43  4:57  Reaper  
  44  5:08  SCV x2, Widow Mine  
  44  5:10  Liberator  
  49  5:24  Orbital Command  
  49  5:29  Marine  
  49  5:47  Marine  
  45  5:53  Liberator  
  31  6:13  SCV x2  
  31  6:14  Marine  
  31  6:15  Widow Mine x2  
  21  6:30  SCV  
  21  6:31  SCV  
  21  6:32  Marine  
  24  6:43  SCV x2  
  26  6:50  Marine  
  27  6:55  SCV x2  
  27  6:57  Liberator  
  29  7:07  SCV x2  
  34  7:19  Marine, SCV x2  
  34  7:20  Widow Mine x2  
  38  7:25  Missile Turret  
  38  7:26  Missile Turret  
  38  7:31  SCV x2  
  38  7:36  Command Center  
  40  7:37  Marine  
  40  7:39  Barracks  
  40  7:43  SCV x2  
  43  7:55  Marine  
  43  7:57  SCV x2  
  46  8:22  Marine, SCV x2  
  46  8:28  Barracks Tech Lab  
  46  8:38  Starport Reactor, Command Center, Supply Depot  
  46  8:39  Terran Infantry Weapons Level 1  
  46  8:47  Marine, SCV x2, Widow Mine x2  
  53  8:55  Missile Turret  
  53  8:57  Marauder  
  53  8:58  Combat Shields  
  53  8:59  SCV x2  
  57  9:04  Orbital Command, Barracks x2  
  57  9:05  Marine  
  58  9:12  SCV x2  
  58  9:16  Viking  
  62  9:17  Marine  
  62  9:23  Marine, Widow Mine  
  62  9:24  SCV  
  67  9:26  SCV  
  68  9:37  SCV  
  69  9:44  Supply Depot  
  69  9:46  Armory  
  69  9:49  Marine, SCV x2, Viking x2  
  76  9:58  Engineering Bay  
  76  9:59  Widow Mine x2  
  80  10:00  Missile Turret  
  80  10:06  SCV x3  
  83  10:23  SCV x3  
  86  10:29  Marine, Marauder  
  86  10:32  Barracks Reactor  
  86  10:33  Barracks Reactor  
  88  10:48  Marine  
  88  10:49  Widow Mine  
  91  10:58  Supply Depot  
  91  10:59  Refinery  
  91  11:00  Refinery, Supply Depot  
  91  11:03  Supply Depot  
  91  11:06  Marine  
  91  11:10  Terran Infantry Armor Level 1  
  92  11:15  Supply Depot  
  92  11:16  Supply Depot  
  92  11:19  Widow Mine  
  92  11:20  Marauder  
  92  11:24  Marine  
  92  11:25  SCV x3  
  99  11:29  Marine  
  99  11:32  SCV  
  102  11:33  Marine x3  
  102  11:37  SCV  
  106  11:41  Marine  
  106  11:42  Marine  
  106  11:44  SCV x2  
  110  11:47  SCV  
  110  11:48  Marine  
  110  11:49  SCV  
  110  11:51  Marine x3  
  116  11:56  SCV  
  116  11:59  Marine, Planetary Fortress  
  118  12:06  Marine x2, SCV x2  
  118  12:07  Medivac  
  118  12:08  SCV  
  125  12:10  Terran Infantry Weapons Level 2  
  125  12:11  Marine  
  125  12:12  Marine x2  
  128  12:17  Marauder  
  128  12:19  Barracks x3  
  128  12:20  Barracks  
  128  12:21  SCV x2  
  132  12:33  Supply Depot x2  
  132  12:36  Supply Depot x2  
  132  12:39  Refinery  
  132  12:54  Marine x4, SCV x4  
  132  12:55  Marine x2  
  132  12:56  Factory Tech Lab  
  142  13:00  Barracks  
  142  13:02  Supply Depot  
  142  13:05  Terran Ship Weapons Level 1  
  142  13:06  SCV  
  142  13:12  Marine x4  
  140  13:25  Supply Depot  
  137  13:38  Marine  
  137  13:39  Marine x5  
  143  13:44  SCV x3, Missile Turret  
  143  13:46  Medivac  
  143  13:47  Medivac  
  150  13:53  SCV  
  151  13:56  Marine  
  151  13:57  Marine x2  
  151  13:59  Marine x2  
  151  14:00  Marine x3  
  159  14:05  Command Center  
  159  14:14  Marine x3  
  152  14:40  Marine x5  
  152  14:41  Marine x3  
  152  14:42  Terran Infantry Armor Level 2, Terran Infantry Weapons Level 3  
  152  14:43  SCV  
  163  14:58  Marine x3  
  166  15:00  Barracks Reactor x3  
  166  15:01  Barracks Reactor  
  166  15:06  Terran Ship Weapons Level 2  
  166  15:11  Medivac x2  
  166  15:14  Marine x5  
  168  15:16  Marine x3  
  176  15:23  Planetary Fortress  
  176  15:25  Missile Turret  
  176  15:32  Marine x4  
  176  15:33  Marine  
  176  15:34  Marine x3  
  184  15:41  Medivac  
  186  15:49  Marine  
  186  15:50  Marine x3  
  186  15:51  Marine x5  
  195  16:01  Supply Depot  
  195  16:02  Supply Depot  
  195  16:03  Supply Depot x2  
  195  16:06  Supply Depot x2  
  195  16:22  Marine x5  
  200  16:25  Command Center  
  200  16:31  Marine  
  200  16:32  Marine x2  
  200  16:33  Marine x4  
  200  16:34  Marine x2  
  200  16:35  Marine x2  
  175  16:40  Marine  
  175  16:41  Marine x4  
  154  16:49  Marine  
  154  16:50  Marine x2  
  154  16:51  Marine x4  
  154  16:52  Marine x2, Medivac x2  
  154  16:53  Marine x2  
  169  16:58  Marine x5  
  174  17:07  Marine x2  
  174  17:08  Marine  
  176  17:09  Marine x2  
  176  17:10  Marine x2  
  176  17:11  Marine x4  
  176  17:15  Missile Turret  
  179  17:16  Marine x5  
  182  17:24  Marine  
  182  17:25  Marine  
  182  17:26  Marine x2  
  182  17:27  Marine  
  182  17:28  Marine x6  
Tags
 
Add a new tag
Caveats
  • Supply blocks, unpowered buildings, or Contaminate may cause inaccurate times.
  • Supply counts are checked every 10 seconds.